Map: Rhoskallian LE

Players

Nyck - Winner!

  • Race: Terran Terran
  • Spawn Location: 6:00

Ekelpack - Winner!

  • Race: Zerg Zerg
  • Spawn Location: 5:00

strip

  • Race: Zerg Zerg
  • Spawn Location: 12:00

Mclovin

  • Race: Terran Terran
  • Spawn Location: 11:00

VOD

Have the link to the VOD?

Description

Time

  • Played on: Aug. 20, 2024, 4:26 p.m.
  • Length: 12:28
Show
View Real Time Build Order
Export as new Build Order

Nyck Terran - Winner!

Build Orders: Command Center First 

Get SALT Encoding   

  12  0:06  SCV  
  13  0:13  Supply Depot  
  13  0:19  SCV  
  14  0:31  SCV  
  15  0:43  SCV  
  16  0:55  SCV  
  17  1:05  Command Center  
  17  1:08  SCV  
  18  1:20  SCV  
  19  1:32  SCV  
  20  1:34  Supply Depot  
  20  1:41  Barracks  
  20  1:44  SCV  
  21  1:56  SCV  
  22  2:08  SCV  
  23  2:17  Barracks  
  23  2:21  SCV  
  23  2:22  SCV  
  25  2:25  Barracks  
  25  2:29  Marine  
  26  2:32  Bunker  
  26  2:33  SCV  
  26  2:34  SCV  
  28  2:45  SCV  
  28  2:46  SCV, Marine  
  31  2:57  Orbital Command  
  31  2:59  SCV  
  31  3:04  Marine  
  33  3:08  Supply Depot  
  33  3:11  SCV, Marine  
  35  3:20  Refinery  
  35  3:22  Marine  
  35  3:23  Orbital Command, Refinery  
  36  3:27  Refinery  
  36  3:28  Refinery  
  36  3:30  Marine  
  36  3:31  Marine  
  38  3:37  Barracks  
  38  3:40  Marine  
  39  3:43  SCV  
  39  3:47  Marine  
  41  3:48  Marine  
  41  3:49  SCV  
  41  3:55  SCV  
  44  3:58  Marine  
  44  4:01  SCV  
  44  4:02  Engineering Bay  
  46  4:07  SCV  
  46  4:08  Marine x2  
  49  4:13  SCV  
  49  4:16  Marine  
  51  4:19  SCV  
  52  4:25  Marine  
  52  4:26  Barracks Tech Lab, Marine  
  52  4:28  Engineering Bay, Factory  
  54  4:32  Terran Infantry Weapons Level 1  
  54  4:46  Supply Depot  
  54  4:56  Terran Infantry Armor Level 1  
  54  5:00  Combat Shield  
  54  5:07  SCV x2, Marine x4  
  54  5:11  Supply Depot  
  54  5:13  Armory  
  60  5:17  Factory Reactor  
  60  5:18  Starport  
  60  5:19  SCV x2  
  62  5:32  SCV x2, Marine x4  
  62  5:34  Supply Depot  
  68  5:44  SCV x2  
  70  5:50  Marine x4  
  70  5:56  SCV x2  
  76  6:01  Command Center  
  76  6:07  Starport  
  76  6:09  SCV x2  
  76  6:10  Medivac x2  
  82  6:19  Stimpack  
  82  6:21  Marine x4  
  86  6:40  Terran Infantry Weapons Level 2  
  86  6:46  SCV x2, Marine x4  
  92  6:49  Missile Turret  
  92  6:57  Missile Turret  
  92  7:00  SCV x2  
  94  7:08  Missile Turret  
  94  7:17  Missile Turret  
  94  7:20  Starport Reactor  
  94  7:22  Viking x2  
  98  7:25  Terran Vehicle And Ship Armor Level 1  
  98  7:26  Terran Infantry Armor Level 2  
  98  7:31  Missile Turret  
  95  7:40  Missile Turret  
  95  7:47  SCV x2  
  97  7:54  Missile Turret  
  97  7:55  Planetary Fortress  
  96  7:59  SCV  
  96  8:00  SCV  
  98  8:06  Marine x3  
  98  8:11  SCV  
  98  8:12  SCV, Viking x4  
  111  8:23  SCV  
  111  8:24  SCV  
  113  8:35  SCV  
  113  8:36  SCV x2  
  113  8:40  Command Center  
  114  8:42  Viking  
  114  8:47  SCV  
  117  9:04  SCV x3, Viking  
  117  9:08  Supply Depot, Terran Infantry Weapons Level 3  
  122  9:13  Viking  
  122  9:16  SCV  
  125  9:19  Terran Ship Weapons Level 1  
  125  9:24  Missile Turret  
  125  9:29  SCV, Viking x2  
  125  9:30  Supply Depot  
  130  9:37  Marine x3  
  133  9:46  Missile Turret  
  133  9:53  Supply Depot, SCV x3  
  133  9:55  Planetary Fortress  
  136  10:00  Missile Turret  
  136  10:05  SCV x3  
  139  10:07  Viking x4  
  139  10:08  Missile Turret  
  145  10:15  Missile Turret  
  145  10:16  Supply Depot  
  137  10:22  Missile Turret  
  134  10:29  Missile Turret  
  134  10:30  Missile Turret  
  134  10:34  Missile Turret  
  134  10:36  SCV x3  
  134  10:39  Supply Depot  
  137  10:43  SCV, Missile Turret  
  138  10:50  Missile Turret  
  138  10:53  Viking x4  
  138  10:56  SCV, Missile Turret  
  143  11:01  Missile Turret  
  143  11:03  Missile Turret  
  143  11:04  Missile Turret  
  143  11:08  SCV  
  144  11:20  SCV  
  145  11:32  SCV  
  146  11:35  Viking x4  
Show
View Real Time Build Order
Export as new Build Order

Ekelpack Zerg - Winner!

Build Orders: Pool First 

Get SALT Encoding   

  12  0:00  Drone  
  13  0:10  Drone  
  14  0:18  Overlord  
  14  0:35  Spawning Pool  
  13  0:38  Drone  
  13  0:42  Drone  
  15  0:46  Drone  
  16  0:51  Drone  
  17  1:00  Drone  
  18  1:05  Extractor  
  17  1:12  Drone  
  18  1:21  Queen  
  18  1:22  Overlord  
  20  1:32  Drone  
  20  1:36  Extractor  
  20  1:43  Drone  
  21  1:58  Hatchery  
  20  2:05  Lair  
  20  2:12  Drone x2  
  22  2:19  Drone  
  23  2:28  Drone  
  24  2:30  Drone  
  24  2:31  Drone  
  24  2:34  Drone  
  27  2:38  Drone  
  28  2:49  Overlord  
  28  3:02  Drone x2  
  30  3:08  Overlord  
  30  3:13  Spire  
  30  3:16  Drone  
  30  3:25  Drone  
  31  3:27  Extractor  
  31  3:30  Queen  
  32  3:35  Drone  
  32  3:36  Drone  
  32  3:39  Drone  
  35  3:42  Drone x2  
  35  3:45  Drone  
  38  3:53  Drone  
  39  4:12  Drone  
  40  4:21  Drone, Extractor  
  40  4:27  Mutalisk x6  
  40  4:29  Overlord  
  52  4:39  Zerg Flyer Weapons Level 1  
  52  4:47  Drone x3  
  52  4:48  Drone, Overlord  
  52  4:49  Overlord  
  52  4:51  Metabolic Boost  
  56  5:07  Infestation Pit  
  55  5:19  Mutalisk x2  
  55  5:20  Drone x2  
  55  5:21  Drone x3  
  64  5:25  Hatchery  
  63  5:54  Mutalisk x3  
  63  5:55  Mutalisk  
  63  5:56  Drone x2  
  67  6:06  Corruptor  
  67  6:08  Zergling x2  
  70  6:18  Corruptor  
  70  6:24  Corruptor  
  74  6:29  Extractor  
  73  6:33  Extractor  
  73  6:35  Corruptor  
  74  6:40  Overlord x2  
  74  6:41  Overlord  
  74  6:46  Queen  
  76  6:48  Overlord  
  76  6:54  Spore Crawler  
  76  6:56  Drone x2  
  77  7:08  Drone  
  78  7:11  Spore Crawler  
  78  7:12  Drone  
  78  7:20  Hive  
  78  7:21  Zerg Flyer Weapons Level 2  
  78  7:22  Overlord  
  78  7:29  Drone  
  79  7:33  Overlord  
  77  7:44  Corruptor x4  
  85  7:59  Evolution Chamber  
  85  8:03  Corruptor  
  85  8:04  Zergling x6  
  89  8:10  Drone x4  
  89  8:11  Drone x2  
  95  8:21  Corruptor x2  
  95  8:22  Corruptor x4  
  107  8:55  Adrenal Glands  
  107  8:56  Zerg Melee Weapons Level 1  
  105  9:10  Drone  
  106  9:19  Zergling x2  
  106  9:20  Zergling x10  
  94  9:38  Zergling x4  
  94  9:39  Zergling x10  
  99  9:56  Drone x6  
  99  9:57  Drone  
  106  10:04  Greater Spire  
  106  10:06  Mutalisk  
  106  10:07  Mutalisk x5  
  118  10:38  Queen  
  107  10:46  Overlord x2  
  107  10:47  Overlord  
  107  11:03  Corruptor  
  107  11:04  Corruptor x4  
  115  11:14  Queen  
  117  11:21  Mutalisk x4  
  117  11:22  Mutalisk x5  
  135  11:36  Zergling x6  
  135  11:37  Zergling x2  
  139  11:54  Brood Lord x5  
  130  12:04  Zergling x10  
  130  12:05  Zergling x10  
Show
View Real Time Build Order
Export as new Build Order

strip Zerg 

Build Orders: Hatch First 

Get SALT Encoding   

  12  0:00  Drone  
  13  0:14  Overlord  
  13  0:18  Drone  
  14  0:32  Drone x2  
  16  0:36  Drone  
  17  0:47  Drone  
  18  0:58  Hatchery  
  18  1:00  Drone  
  18  1:08  Drone  
  18  1:10  Extractor  
  18  1:19  Drone  
  19  1:31  Drone  
  20  1:41  Spawning Pool, Drone  
  20  1:51  Drone  
  21  1:59  Hatchery  
  20  2:02  Drone  
  21  2:18  Drone x2  
  23  2:27  Queen x2  
  23  2:29  Metabolic Boost  
  27  2:37  Drone  
  28  2:52  Overlord  
  28  2:53  Overlord  
  28  3:04  Lair  
  28  3:10  Queen, Overlord  
  28  3:11  Drone  
  28  3:12  Drone x2  
  33  3:17  Drone x2  
  35  3:23  Zergling x4  
  35  3:25  Zergling x2  
  39  3:27  Zergling x2  
  39  3:50  Drone  
  39  3:51  Drone x6  
  39  3:52  Zergling x2  
  47  3:59  Drone x2  
  49  4:07  Spire  
  49  4:09  Drone x2, Extractor  
  49  4:10  Drone  
  49  4:26  Drone x3, Extractor  
  49  4:27  Drone x2  
  49  4:28  Drone, Extractor  
  49  4:30  Drone x2  
  55  4:34  Drone  
  56  4:41  Overlord x2  
  56  4:53  Overlord  
  56  4:58  Hatchery  
  55  5:11  Spore Crawler  
  55  5:12  Spore Crawler  
  53  5:14  Spore Crawler  
  53  5:16  Spore Crawler  
  53  5:20  Spore Crawler  
  50  5:22  Mutalisk  
  50  5:23  Mutalisk x4  
  60  5:35  Mutalisk  
  62  5:50  Mutalisk  
  62  5:51  Mutalisk  
  65  6:13  Mutalisk x2  
  65  6:14  Drone x2  
  65  6:15  Drone x8  
  65  6:16  Drone x5  
  65  6:17  Drone  
  85  6:29  Zerg Flyer Weapons Level 1  
  85  6:31  Queen  
  87  6:37  Spore Crawler  
  87  6:38  Drone x3, Spore Crawler, Extractor  
  87  6:39  Drone  
  88  6:41  Extractor  
  87  6:58  Drone  
  87  7:00  Overlord  
  87  7:01  Overlord x2  
  86  7:16  Mutalisk  
  86  7:19  Overlord x3  
  88  7:23  Mutalisk  
  88  7:24  Mutalisk x5  
  100  7:45  Mutalisk x2  
  100  7:46  Mutalisk x2  
  100  7:50  Drone x3  
  111  7:51  Drone x3  
  111  7:52  Drone  
  105  8:10  Baneling Nest, Mutalisk x3  
  105  8:11  Hatchery  
  109  8:16  Mutalisk  
  109  8:17  Zergling x4  
  109  8:18  Zergling x14  
  109  8:19  Zergling x6  
  119  8:54  Overlord x5  
  117  8:59  Overlord x2  
  117  9:00  Overlord  
  117  9:13  Baneling x2  
  117  9:14  Baneling x7  
  117  9:15  Baneling x3  
  105  9:49  Mutalisk  
  105  9:50  Mutalisk x7  
  105  9:51  Mutalisk x5  
  129  9:55  Zergling x4  
  131  10:00  Drone x4  
  135  10:28  Zergling x4  
  135  10:29  Zergling x10  
  135  10:30  Zergling x2  
  140  10:44  Zergling x6  
  140  10:45  Zergling x20  
  143  11:14  Centrifugal Hooks  
  143  11:15  Mutalisk x12  
Show
View Real Time Build Order
Export as new Build Order

Mclovin Terran 

Build Orders:  

Get SALT Encoding   

  12  0:01  SCV  
  13  0:16  SCV  
  14  0:23  Supply Depot  
  14  0:28  SCV  
  15  0:44  SCV  
  16  0:50  Barracks  
  16  0:56  Refinery  
  16  0:59  SCV  
  17  1:16  SCV  
  18  1:22  Supply Depot  
  18  1:29  SCV  
  19  1:44  Supply Depot  
  19  1:49  Barracks  
  19  2:11  SCV  
  20  2:16  Marine  
  21  2:23  SCV  
  22  2:31  Factory  
  22  2:32  Supply Depot  
  22  2:34  Marine  
  22  2:35  SCV  
  24  2:37  Refinery  
  24  2:48  Barracks Tech Lab  
  24  2:59  Command Center  
  24  3:01  Barracks Reactor  
  24  3:05  Orbital Command  
  24  3:15  Marine  
  25  3:22  Combat Shield  
  25  3:33  Marine  
  26  3:46  Engineering Bay  
  26  3:48  Factory Tech Lab  
  26  3:54  SCV  
  27  4:07  SCV  
  28  4:12  SCV  
  29  4:24  SCV  
  29  4:25  Terran Infantry Weapons Level 1  
  29  4:26  Factory  
  29  4:30  SCV  
  31  4:35  Marine x2  
  33  4:42  SCV  
  34  4:53  Marine x2  
  34  4:54  SCV  
  37  5:00  SCV  
  38  5:12  SCV, Barracks  
  39  5:15  Marine x2  
  39  5:16  Marine  
  42  5:33  Marine x2  
  30  5:55  Missile Turret  
  28  6:09  SCV, Missile Turret  
  29  6:13  SCV  
  30  6:19  Marine x3  
  30  6:21  SCV  
  30  6:24  Barracks Reactor  
  30  6:25  SCV  
  35  6:33  SCV  
  35  6:36  Marine  
  35  6:37  SCV  
  38  6:44  Siege Tank  
  41  6:48  Factory Tech Lab  
  41  6:50  Missile Turret  
  41  7:11  SCV  
  41  7:15  SCV  
  43  7:16  Marine x2  
  43  7:17  Siege Tank, Marine  
  49  7:24  SCV  
  49  7:27  SCV  
  51  7:39  SCV  
  51  7:42  Orbital Command  
  52  7:46  Stimpack  
  52  7:49  Siege Tank  
  55  7:51  SCV  
  56  8:37  Marine  
  56  8:38  Marine x4  
  61  8:55  Marine  
  62  9:09  Supply Depot  
  62  9:16  Command Center  
  62  9:30  Marine x5  
  67  9:32  Supply Depot  
  67  9:47  SCV  
  67  9:48  Marine x2  
  70  9:53  Marine x3  
  70  9:55  Supply Depot  
  70  9:59  SCV  
  74  10:06  Marine x2  
  76  10:11  Marine x2  
  78  10:18  Supply Depot  
  78  10:23  Marine  
  79  10:39  SCV  
  80  10:44  SCV  
  81  10:50  Marine x5  
  81  10:52  SCV  
  87  11:08  Marine x5  
  92  11:22  Siege Tank  
  92  11:23  Siege Tank  
  98  11:25  Marine  
  98  11:26  Marine x4  
  103  11:43  Marine  
  103  11:44  Marine x4  
  89  11:55  Siege Tank x2  
  90  12:01  Marine  
  90  12:02  Marine x4  
Tags
 
Add a new tag
Caveats
  • Supply blocks, unpowered buildings, or Contaminate may cause inaccurate times.
  • Supply counts are checked every 10 seconds.